AoeStats
← DUNCAN

Arabian Desert

509145053Analyzed
1v1 RM · 7d ago on Sep 25, 2026· 22m 16s· 2 players
Game mode
Random Map
Map size
Tiny (2 player)
Population
200
Speed
Normal
Resources
Standard
Victory
Conquest
Starting age
Dark Age
Ending age
Imperial Age
RankedLock teamsTeams togetherTeam positionsShared explorationLock speedFull tech treeHidden civsTurbo modeCheats
Victory
Defeat
🇦🇷 Magyars · Argentina
826
+18
🇨🇳 Lithuanians · China
859
-18
DUNCAN
4:52 Loom
9:32 Feudal Age
10:13 Double-Bit Axe
20:37 Castle Age
18:59 Horse Collar
20:23 Bloodlines
20:19 Fletching
20:56 Scale Barding Armor
21:43 Bow Saw
477633076
5:38 Loom
9:28 Feudal Age
10:06 Double-Bit Axe
11:46 Horse Collar
14:28 Wheelbarrow
19:30 Castle Age
20:59 Bow Saw
20:51 Heavy Plow
Connection lost

Rejoining the realm…

Still unreachable

The connection could not be restored.

Session expired

The server has moved on; the page needs a fresh start.